 Dungeon Crawl Stone Soup version 0.20.0-15-g7f486f2 (webtiles) character file.

3152 anfisbena the Grappler (level 9, -1/70 HPs)
             Began as a Ghoul Monk on June 15, 2017.
             Was an Elder of Makhleb.
             Slain by an orc warrior
             ... wielding a cursed -1 morningstar
              (2 damage)
             ... on level 7 of the Dungeon.
             The game lasted 00:10:50 (8512 turns).

anfisbena the Grappler (Ghoul Monk)                 Turns: 8512, Time: 00:10:51

Health: -1/70      AC:  8    Str: 15    XL:     9   Next: 93%
Magic:  15/15      EV: 18    Int:  5    God:    Makhleb [****..]
Gold:   472        SH:  0    Dex: 19    Spells: 8/8 levels left

rFire    . . .     SeeInvis .     - Unarmed
rCold    + . .     Gourm    .   (no shield)
rNeg     + + +     Faith    .   v - +3 leather armour {MR+}
rPois    ∞         Spirit   .   p - +0 helmet
rElec    .         Reflect  .   (no cloak)
rCorr    .         Harm     .   (no gloves)
MR       +....                  c - +0 pair of boots
Stlth    +++.......             (no amulet)
Regen    0.0/turn               (no ring)
MPRegen  0.2/turn               (no ring)

@: agile, rotting
A: rotting body, claws 1, carnivore 3, cold resistance 1, negative energy
resistance 3, inhibited regeneration, torment resistance, unbreathing
a: Minor Destruction, Lesser Servant of Makhleb, Major Destruction, Renounce
Religion


You were on level 7 of the Dungeon.
You worshipped Makhleb.
Makhleb was greatly pleased with you.
You were not hungry.

You visited 1 branch of the dungeon, and saw 7 of its levels.

You collected 472 gold pieces.

Inventory:

Armour
 c - a +0 pair of boots (worn)
 p - a +0 helmet (worn)
 v - a +3 leather armour of magic resistance (worn)
Wands
 o - a wand of disintegration (14/24)
 y - a wand of enslavement (15/24)
 A - a wand of flame (32/48)
Scrolls
 a - 3 scrolls of remove curse {unknown}
 d - 2 scrolls of enchant armour {unknown}
 f - 4 scrolls of enchant weapon {unknown}
 g - 7 scrolls of identify {unknown}
 j - a scroll of fear {unknown}
 l - 3 scrolls of teleportation {unknown}
 m - 4 scrolls of magic mapping {unknown}
 q - 2 scrolls of noise {unknown}
 s - a scroll of amnesia {unknown}
 t - a scroll of fog {unknown}
 B - a scroll of random uselessness {unknown}
Potions
 e - 3 potions of haste {unknown}
 h - 4 potions of curing {unknown}
 k - a potion of lignification {unknown}
 r - a potion of magic {unknown}
 u - 3 potions of heal wounds {unknown}
 C - a potion of berserk rage {unknown}
Books
 n - a book of Frost

   Spells                             Type                      Level
   a - Freeze                         Ice                          1
   b - Throw Frost                    Conjuration/Ice              2
   c - Ozocubu's Armour               Charms/Ice                   3
   d - Throw Icicle                   Conjuration/Ice              4
   e - Summon Ice Beast               Ice/Summoning                4
 z - a book of Geomancy

   Spells                             Type                      Level
   a - Sandblast                      Earth                        1
   b - Passwall                       Transmutation/Earth          2
   c - Stone Arrow                    Conjuration/Earth            3
   d - Petrify                        Transmutation/Earth          4
   e - Lee's Rapid Deconstruction     Earth                        5
Comestibles
 b - 6 meat rations
 i - 4 royal jellies


   Skills:
 - Level 3.2 Fighting
 - Level 2.6 Dodging
 - Level 2.1 Stealth
 + Level 11.5 Unarmed Combat
 + Level 9.6 Invocations


You had 8 spell levels left.
You didn't know any spells.

Dungeon Overview and Level Annotations

Branches:
Dungeon (7/15)             Temple (0/1) D:5

Altars:
Cheibriados
Dithmenos
Hepliaklqana
Makhleb
Ru
Sif Muna
Trog
Xom
Yredelemnul
Zin

Shops:
D:6 [


Innate Abilities, Weirdness & Mutations

Your body is rotting away.
You thrive on raw meat.
You are immune to poison.
You have sharp fingernails.
You are carnivorous and can eat meat at any time.
Your flesh is cold resistant. (rC+)
You are immune to negative energy. (rN+++)
You do not regenerate when monsters are visible.
You are immune to unholy pain and torment.
You can survive without breathing.


Message History

The orc warrior is severely wounded.
The orc warrior hits you with a morningstar!
* * * LOW HITPOINT WARNING * * *
You don't have enough health at the moment.
The orc wizard casts a spell at you. The magic dart hits you!
The orc wizard gestures at you while chanting.
The magic dart hits you!
You feel agile all of a sudden.
You claw the orc wizard!
The orc wizard is almost dead.
The orc wizard hits you but does no damage.
The orc warrior barely misses you.
You scratch the orc wizard.
You kill the orc wizard!
Makhleb accepts your kill.
You scratch the orc warrior.
The orc warrior is almost dead.
The orc warrior hits you with a morningstar.
You die...

..............##.............#
..........##.##..............###
.#.......##...##...............#
........##.....##..............##
........#.......#.......))......)
.##........._.....##...........##
........#......)#..+.............
.#......##.....##.##.............
.#..##...##...##@................
.#..##....##.##)o##..............
................(........##..#+##
.#..#...##.......##.............
..........(....................#
.#..#.........#..........#.....#
....##...................+......
.....................##..#.....#
....##.......##..##.###..#.....#


You could see an orc warrior.

Vanquished Creatures
  Grinder (D:4)
  Menkaure (D:6)
  Duvessa (D:4)
  3 orc warriors (D:6)
  3 sky beasts
  A necrophage (D:6)
  2 ogres
  A phantom (D:4)
  4 centaurs
  Blork the orc (D:4)
  A bullfrog (D:6)
  Dowan (D:4)
  4 crimson imps
  A bullfrog zombie (D:6)
  10 orc wizards
  3 hounds
  5 orc priests
  A bullfrog skeleton (D:7)
  2 jellies (D:5)
  A gnoll shaman (D:7)
  Natasha (twice) (D:4)
  Ijyb (D:3)
  5 worker ants
  A hound zombie (D:5)
  7 adders
  8 gnolls
  2 shadow imps
  2 oozes
  2 adder skeletons (D:6)
  5 worms (D:2)
  2 dart slugs
  6 leopard geckos
  26 orcs
  4 bats
  5 giant cockroaches
  11 goblins
  9 hobgoblins
  14 jackals
  2 quokkas
  A ball python (D:3)
  8 frilled lizards
  A jackal skeleton (D:6)
  9 kobolds
  2 quokka zombies
  8 rats
  A spectral orc (D:5)
191 creatures vanquished.

Notes
Turn   | Place    | Note
-------+----------+-------------------------------------------
     0 | D:1      | anfisbena the Ghoul Monk began the quest for the Orb.
     0 | D:1      | Reached XP level 1. HP: 19/19 MP: 0/0
    42 | D:1      | Reached XP level 2. HP: 7/26 MP: 1/1
   288 | D:1      | Reached skill level 4 in Unarmed Combat
   741 | D:1      | Reached XP level 3. HP: 27/31 MP: 2/2
   933 | D:2      | Found a hazy altar of Hepliaklqana.
  1163 | D:2      | Reached skill level 5 in Unarmed Combat
  1173 | D:2      | Reached XP level 4. HP: 16/38 MP: 3/3
  1684 | D:2      | Found a sacrificial altar of Ru.
  1818 | D:2      | Noticed a moth of wrath
  1821 | D:2      | Found a bloodstained altar of Trog.
  2554 | D:2      | Reached skill level 6 in Unarmed Combat
  2607 | D:3      | Noticed Ijyb
  2635 | D:3      | Killed Ijyb
  2635 | D:3      | Reached XP level 5. HP: 13/45 MP: 4/4
  2870 | D:3      | Found a snail-covered altar of Cheibriados.
  2987 | D:3      | Found a burning altar of Makhleb.
  3004 | D:3      | Became a worshipper of Makhleb the Destroyer
  3004 | D:3      | Reached * piety under Makhleb
  3004 | D:3      | Reached ** piety under Makhleb
  3607 | D:4      | Noticed Grinder
  3613 | D:4      | Paralysed by Grinder for 7 turns
  3627 | D:4      | Paralysed by Grinder for 5 turns
  3635 | D:4      | Killed Grinder
  3635 | D:4      | Reached skill level 7 in Unarmed Combat
  3635 | D:4      | Reached XP level 6. HP: 8/51 MP: 4/7
  4094 | D:4      | Noticed Blork the orc
  4108 | D:4      | Killed Blork the orc
  4108 | D:4      | Reached XP level 7. HP: 29/55 MP: 8/8
  4114 | D:4      | Noticed Duvessa
  4180 | D:4      | Noticed Dowan
  4194 | D:4      | Killed Dowan
  4331 | D:4      | Killed Duvessa
  4469 | D:4      | Reached skill level 8 in Unarmed Combat
  4848 | D:4      | Reached skill level 5 in Invocations
  5011 | D:4      | Noticed Natasha
  5017 | D:4      | Killed Natasha
  5104 | D:4      | Reached XP level 8. HP: 63/63 MP: 9/11
  5140 | D:4      | Noticed Natasha
  5158 | D:4      | Killed Natasha
  5264 | D:5      | Entered Level 5 of the Dungeon
  5319 | D:5      | Found a staircase to the Ecumenical Temple.
  5394 | D:5      | Reached skill level 9 in Unarmed Combat
  5489 | D:5      | Reached *** piety under Makhleb
  5666 | D:5      | Found a deep blue altar of Sif Muna.
  5956 | D:5      | Found a basalt altar of Yredelemnul.
  6037 | D:6      | Noticed Menkaure
  6049 | D:6      | Killed Menkaure
  6061 | D:6      | Reached skill level 10 in Unarmed Combat
  6061 | D:6      | Reached XP level 9. HP: 30/70 MP: 13/13
  6367 | D:6      | Found Witau's Antique Armour Emporium.
  6987 | D:6      | Reached **** piety under Makhleb
  7157 | D:6      | Found a shimmering altar of Xom.
  7422 | D:7      | Reached skill level 11 in Unarmed Combat
  7652 | D:7      | Found a shadowy altar of Dithmenos.
  8436 | D:7      | Found a glowing silver altar of Zin.
  8501 | D:7      | HP: 1/70 [orc warrior/morningstar (11)]
  8512 | D:7      | Slain by an orc warrior

Skill      XL: |  1  2  3  4  5  6  7  8  9 |
---------------+----------------------------+-----
Unarmed Combat | 4 5 6 7 8 10 11 | 11.5
Invocations    | 3 5 7 9 |  9.6
Fighting       | |  3.2
Dodging        | |  2.6
Stealth        | |  2.1

Action                   |  1- 3 |  4- 6 |  7- 9 || total
-------------------------+-------+-------+-------++-------
Melee: Unarmed           |    98 |   195 |   452 ||   745
       Punch             |     1 |     3 |    21 ||    25
  Use: Potion            |       |       |     2 ||     2
 Stab: Sleeping          |     2 |     3 |     5 ||    10
       Distracted        |       |       |     1 ||     1
  Eat: Chunk             |       |    11 |    22 ||    33
Armor: Robe              |    16 |    11 |       ||    27
       Leather armour    |       |    19 |   152 ||   171
Dodge: Dodged            |    59 |   101 |   298 ||   458
